 Dungeon Crawl Stone Soup version 0.30-a0-618-gd6c86c23d0 (webtiles) character file.

Game seed: 14817090632094335849

1595 wormed the Conjurer (level 8, -6/53 HPs)
             Began as a Demonspawn Conjurer on Jan 10, 2023.
             Was an Initiate of Vehumet.
             Mangled by a sun demon (12 damage)
             ... summoned by a kobold demonologist
             ... on level 6 of the Dungeon.
             The game lasted 00:10:02 (6691 turns).

wormed the Conjurer (Demonspawn Conjurer)           Turns: 6691, Time: 00:10:02

Health: -6/53      AC: 10    Str:  8      XL:     8   Next: 62%
Magic:  0/15       EV: 12    Int: 22      God:    Vehumet [......]
Gold:   310        SH:  0    Dex: 10 (11) Spells: 6/16 levels left

rFire   . . .      SeeInvis .    (no weapon)
rCold   . . .      Faith    .    (no shield)
rNeg    . . .      Spirit   .    a - +0 robe
rPois   .          Reflect  .    (helmet restricted)
rElec   .          Harm     .    b - +0 cloak {rCorr}
rCorr   +          Rampage  .    (no gloves)
Will    .....                    e - +0 pair of boots
Stlth   ++                       h - amulet of the acrobat
HPRegen 0.28/turn                g - ring of flight
MPRegen 0.14/turn                B - ring of resist corrosion

@: sanguine armoured, flying
A: antennae 1, foul stench 1, sanguine armour 1, demonic magic 1
a: Renounce Religion


You were on level 6 of the Dungeon.
You worshipped Vehumet.
Vehumet was noncommittal.
You visited 2 branches of the dungeon, and saw 7 of its levels.

You collected 310 gold pieces.

Inventory:

Armour
 a - a +0 robe (worn)
 b - a +0 cloak of preservation (worn)
 e - a +0 pair of boots (worn)
Jewellery
 g - a ring of flight (left hand)
 h - an amulet of the acrobat (around neck)
 B - a ring of resist corrosion (right hand)
Wands
 o - a wand of paralysis (4) (quivered)
Scrolls
 d - 3 scrolls of teleportation
 s - 2 scrolls of magic mapping
Potions
 c - a potion of attraction
 f - 4 potions of lignification {unknown}
 i - 2 potions of mutation {unknown}
 j - a potion of ambrosia {unknown}
 k - 3 potions of haste {unknown}
 m - 2 potions of heal wounds {unknown}
 p - 2 potions of curing {unknown}
 q - a potion of might {unknown}
 t - a potion of brilliance {unknown}
 w - a potion of cancellation {unknown}
 x - a potion of resistance {unknown}
 A - a potion of flight {unknown}


   Skills:
 + Level 0.9 Fighting
 + Level 2.0 Dodging
 - Level 1.7 Stealth
 + Level 4.8 Spellcasting
 * Level 7.9 Conjurations
 + Level 4.5 Hexes
 + Level 4.1 Translocations


You had 6 spell levels left.
You knew the following spells:

 Your Spells              Type           Power      Damage    Failure   Level
b - Searing Ray           Conj           80%        2d7       1%          2
c - Fulminant Prism       Conj/Hex       16%        3d10      8%          4
d - Iskenderun's Mystic   Conj/Tloc      31%        2d8       9%          4

Your spell library contained the following spells:

 Spells                   Type           Power      Damage    Failure   Level
 Magic Dart               Conj           100%       1d8       1%          1
 Slow                     Hex            100%       N/A       1%          1
 Dazzling Flash           Conj/Hex       64%        N/A       2%          3
 Confusing Touch          Hex            25%        N/A       4%          3
 Sting                    Tmut/Pois      20%        1d4       11%         1
 Summon Small Mammal      Summ           20%        N/A       11%         1
 Vampiric Draining        Necr           5%         2d6       30%         3


Dungeon Overview and Level Annotations

Branches:
Dungeon (6/15)             Temple (1/1) D:5

Altars:
Ashenzari
Cheibriados
Hepliaklqana
Makhleb
Nemelex Xobeh
Okawaru
Qazlal
Sif Muna
Trog
Uskayaw
Vehumet
Wu Jian
Xom
Yredelemnul


Innate Abilities, Weirdness & Mutations

You have a pair of small antennae on your head.
You may rarely emit foul miasma when damaged in melee.
When seriously injured, your blood forms armour. (AC +6)
Spells you cast may paralyse adjacent enemies.


Message History

The iron imp is heavily wounded.
The searing ray hits the ufetubus!
You kill the ufetubus!
The ufetubus disappears in a puff of smoke! (Press . to maintain the ray.) Malevolent energies surge around you.
The ufetubus suddenly stops moving!
The quasit barely misses you.
The quasit claws you but does no damage. x2
The quasit bites you.
You feel clumsy. The quasit closely misses you.
The quasit claws you but does no damage.
The ynoxinul gestures.
The kobold demonologist mumbles some strange words.
Without enough magic to sustain it, your searing ray dissipates.
The ufetubus disappears in a puff of smoke!
The quasit bites you but does no damage.
The quasit closely misses you. The quasit completely misses you.
The kobold demonologist barely misses you.
The hellwing attacks as you move away!
The hellwing hits you but does no damage.
The hellwing closely misses you. The quasit misses you.
The quasit barely misses you. The quasit misses you.
The kobold demonologist casts a spell.
You hit the sun demon but do no damage.
The quasit bites you but does no damage.
The quasit completely misses you. The quasit barely misses you.
The sun demon hits you.
You are engulfed in flames!
Your blood congeals into armour.
You emit a cloud of foul miasma!
The quasit barely misses you.
The quasit claws you but does no damage.
The quasit completely misses you. The hellwing hits you.
The hellwing hits you but does no damage.
The kobold demonologist casts a cantrip, but nothing happens.
You barely miss the sun demon.
The quasit bites you but does no damage.
The quasit closely misses you. x2; The sun demon hits you!!
* * * LOW HITPOINT WARNING * * *
You are engulfed in flames!
You die...

################
##......†...(...#
##..########.....#
#####..####..5
#3....# ......##
#[.553#@....#
.######
#?.555K458..+ .#
#)..55#5....# .#
##..5##.....# .#
#### ###+### .# ##
# ##


You could see a sun demon (summoned), a hellwing (summoned), a kobold
demonologist, an iron imp (summoned), a quasit (summoned), a shadow imp
(summoned) and 5 ufetubi.

Vanquished Creatures
  A two-headed ogre (D:5)
  A black bear (D:6)
  A sky beast (D:6)
  An ogre (D:3)
  A centaur (D:5)
  A phantom (D:4)
  A scorpion (D:5)
  3 jellies
  2 hounds (D:5)
  3 iguanas
  4 orc wizards
  7 gnolls
  5 adders
  A shadow imp (D:5)
  2 worms
  2 dart slugs
  5 orcs (D:4)
  6 bats
  4 endoplasms
  6 giant cockroaches
  6 goblins
  8 hobgoblins
  5 quokkas
  8 ball pythons
  5 frilled lizards
  6 kobolds
  A rat (D:1)
96 creatures vanquished.

Vanquished Creatures (others)
  2 fulminant prisms (D:5)
2 creatures vanquished.

Grand Total: 98 creatures vanquished

Notes
Turn   | Place    | Note
-------+----------+-------------------------------------------
     0 | D:1      | wormed the Demonspawn Conjurer began the quest for the Orb.
     0 | D:1      | Reached XP level 1. HP: 13/13 MP: 3/3
   238 | D:1      | Gained mutation: You have a pair of small antennae on your
                  | head. [demonic ancestry]
   238 | D:1      | Reached XP level 2. HP: 19/19 MP: 3/5
   472 | D:1      | Learned a level 2 spell: Searing Ray
   865 | D:1      | Found a faded altar of an unknown god.
   906 | D:1      | Got Plato's Vellum of Assembling
  1317 | D:2      | Reached skill level 1 in Hexes
  1317 | D:2      | Reached skill level 1 in Translocations
  1317 | D:2      | Gained mutation: Spells you cast may paralyse adjacent
                  | enemies. [demonic ancestry]
  1317 | D:2      | Reached XP level 3. HP: 20/24 MP: 0/6
  2082 | D:2      | Reached XP level 4. HP: 30/30 MP: 3/7
  2550 | D:3      | Noticed an ogre
  3045 | D:3      | Found a basalt altar of Yredelemnul.
  3070 | D:3      | Killed an ogre
  3071 | D:3      | Reached skill level 5 in Conjurations
  3071 | D:3      | Gained mutation: When seriously injured, your blood forms
                  | armour. (AC +6) [demonic ancestry]
  3071 | D:3      | Reached XP level 5. HP: 35/35 MP: 0/9
  3852 | D:4      | Reached XP level 6. HP: 41/41 MP: 6/10
  3857 | D:4      | Learned a level 4 spell: Fulminant Prism
  3862 | D:4      | Learned a level 4 spell: Iskenderun's Mystic Blast
  4555 | D:4      | Found a snail-covered altar of Cheibriados.
  4556 | D:4      | Found a radiant altar of Vehumet.
  4934 | D:5      | Entered Level 5 of the Dungeon
  4954 | D:5      | Found a staircase to the Ecumenical Temple.
  4975 | D:5      | Reached skill level 6 in Conjurations
  4991 | Temple   | Entered the Ecumenical Temple
  5209 | D:4      | Became a worshipper of Vehumet
  5240 | D:5      | Gained mutation: You may rarely emit foul miasma when
                  | damaged in melee. [demonic ancestry]
  5240 | D:5      | Reached XP level 7. HP: 46/46 MP: 8/12
  5772 | D:5      | Found a shimmering blue altar of Sif Muna.
  5861 | D:5      | Got Sif Muna's Compendium of the Body
  6186 | D:5      | Noticed a two-headed ogre
  6194 | D:5      | Killed a two-headed ogre
  6195 | D:5      | Reached skill level 7 in Conjurations
  6195 | D:5      | Reached XP level 8. HP: 35/52 MP: 4/15
  6671 | D:6      | Noticed a kobold demonologist
  6688 | D:6      | Noticed a hellwing
  6690 | D:6      | Noticed a sun demon
  6691 | D:6      | Mangled by a sun demon

Illustrated notes

Levels and vault maps discovered:
D:1:      lightli_arrival_statuegarden, layout_basic,
          shapermc_ecumenical_altar_rom_forum, minmay_hedge_maze
D:2:      layout_rooms
D:3:      layout_basic, kennysheep_ying_yang
D:4:      layout_basic, mainiacjoe_overflow_divided_tiny
D:5:      layout_basic, led_sif_book, minmay_temple_entry_water_ring
D:6:      layout_rooms, mainiacjoe_overflow_small_starburst,
          kennysheep_cross_bottleneck, minmay_three_doors, uniq_sigmund
Temple:   bh_familiar_temple

Skill      XL: |  1  2  3  4  5  6  7  8 |
---------------+-------------------------+-----
Hexes          | 1 2 3 4 |  4.5
Translocations | 1 2 4 |  4.1
Spellcasting   | 3 4 |  4.8
Conjurations   | 5 6 7 |  7.9
Dodging        | 2 |  2.0
Fighting       | |  0.9
Stealth        | |  1.7

Action                   |  1- 3 |  4- 6 |  7- 9 || total
-------------------------+-------+-------+-------++-------
Melee: Unarmed           |     8 |     5 |     5 ||    18
 Cast: Magic Dart        |    43 |       |       ||    43
       Searing Ray       |    13 |    46 |    20 ||    79
       Fulminant Prism   |       |       |     2 ||     2
Evoke: Wand              |       |     3 |       ||     3
  Use: Scroll            |     3 |       |     7 ||    10
       Potion            |       |     1 |       ||     1
Armor: Robe              |     2 |     2 |    21 ||    25
Dodge: Dodged            |    13 |    40 |    58 ||   111

Table legend: (Time is in decaauts)
 A = Elapsed time spent in this place.
 B = Non-inter-level travel time spent in this place.
 C = Inter-level travel time spent in this place.
 D = Time resting spent in this place.
 E = Time spent auto-exploring this place.
 F = Levels seen in this place.
 G = Mean time per level.
                   A        B        C        D        E       F      G
               +--------+--------+--------+--------+--------+-----+--------+
         Total |   6695 |   6356 |    339 |     28 |   5451 |   7 |  956.4 |
       Dungeon |   6543 |   6230 |    313 |     28 |   5328 |   6 | 1090.5 |
        Temple |    151 |    125 |     26 |      0 |    123 |   1 |  151.0 |
               +--------+--------+--------+--------+--------+-----+--------+

Top non-repeatable levels by time:
     D:4: 1476 daAuts
     D:5: 1366 daAuts
     D:1: 1309 daAuts
     D:2: 1178 daAuts
     D:3: 1038 daAuts
     D:6: 174 daAuts
  Temple: 151 daAuts
